TOP OF THE 1ST |
Spokane Indians batting - Pitching for Minnesota (NYP) Twins : RHP Ruben Requena
|
Pitching: RHP Ruben Requena
|
|
Batting: LHB Caleb Domino
|
0-0: Ball 1-0: Called Strike 1-1: Called Strike 1-2: Strikes out looking
|
Batting: LHB Gabriel Graves
|
0-0: Ball 1-0: DOUBLE (Line Drive, 89XD, EV 101.9 MPH)
|
Batting: LHB Yat-sen Zhu
|
0-0: Called Strike 0-1: Foul Ball, location: 2F 0-2: Ground out U3 (Groundball, 3S, EV 85.0 MPH) Gabriel Graves to third
|
Batting: RHB Sergio Godinez
|
0-0: Ball 1-0: Ground out 5-3 (Groundball, 56, EV 84.4 MPH)
|
Top of the 1st over - 0 runs, 1 hit, 0 errors, 1 left on base; Spokane 0 - Minnesota (NYP) 0 |
BOTTOM OF THE 1ST |
Minnesota (NYP) Twins batting - Pitching for Spokane Indians : RHP Thomas Crowner
|
Pitching: RHP Thomas Crowner
|
|
Batting: RHB Caleb Bockmann
|
0-0: Called Strike 0-1: Ball 1-1: Ball 2-1: Foul Ball, location: 2F 2-2: Ball 3-2: Base on Balls
|
Batting: RHB Tim Carter
|
0-0: Called Strike Caleb Bockmann steals 2nd base 0-1: Ball 1-1: Swinging Strike 1-2: Ball 2-2: Foul Ball, location: 2F 2-2: Foul Ball, location: 2F 2-2: Ball 3-2: Base on Balls
|
Batting: LHB Tomas Espino
|
0-0: Called Strike 0-1: Ground out 4-3 (Groundball, 34D, EV 99.4 MPH) Caleb Bockmann to third Tim Carter to second
|
Batting: LHB Ricardo Batista
|
0-0: Foul Ball, location: 2F 0-1: Called Strike 0-2: Ball 1-2: Strikes out swinging
|
Batting: RHB Willie Jimenez
|
0-0: Fly out, F8 (Flyball, 8LS, EV 95.6 MPH)
|
Bottom of the 1st over - 0 runs, 0 hits, 0 errors, 2 left on base; Spokane 0 - Minnesota (NYP) 0 |
TOP OF THE 2ND |
Spokane Indians batting - Pitching for Minnesota (NYP) Twins : RHP Ruben Requena
|
Batting: RHB Aaron Graham
|
0-0: Called Strike 0-1: Ground out 6-3 (Groundball, 6MS, EV 91.9 MPH)
|
Batting: RHB Josh Whitmore
|
0-0: Called Strike 0-1: Ground out 6-3 (Groundball, 6S, EV 67.5 MPH)
|
Batting: SHB Kaname Fujimoto
|
0-0: Swinging Strike 0-1: Swinging Strike 0-2: Ball 1-2: Strikes out swinging
|
Top of the 2nd over - 0 runs, 0 hits, 0 errors, 0 left on base; Spokane 0 - Minnesota (NYP) 0 |
BOTTOM OF THE 2ND |
Minnesota (NYP) Twins batting - Pitching for Spokane Indians : RHP Thomas Crowner
|
Batting: RHB Sergio Gomez
|
0-0: Ball 1-0: Called Strike 1-1: Called Strike 1-2: Reached on error, E5 (Groundball, 56S, EV 67.5 MPH)
|
Batting: LHB Jose Hilario
|
0-0: SINGLE (Groundball, 3D, EV 96.9 MPH) Sergio Gomez to third Runner from 3rd tries for Home, SAFE, throw by RF to home
|
Batting: RHB Wil Patterson
|
0-0: Ball Wild Pitch! Jose Hilario to second 1-0: SINGLE (Groundball, 56D, EV 95.6 MPH) Jose Hilario to third Runner from 3rd tries for Home, throw by LF and OUT! 7-2 Wil Patterson to second
|
Batting: RHB Chris Bejarano
|
0-0: Fly out, F8 (Flyball, 8RM, EV 88.1 MPH)
|
Batting: RHB Caleb Bockmann
|
0-0: Ball 1-0: Called Strike 1-1: Ball Wild Pitch! Wil Patterson to third 2-1: Swinging Strike 2-2: Strikes out looking
|
Bottom of the 2nd over - 1 run, 2 hits, 1 error, 1 left on base; Spokane 0 - Minnesota (NYP) 1 |
TOP OF THE 3RD |
Spokane Indians batting - Pitching for Minnesota (NYP) Twins : RHP Ruben Requena
|
Batting: LHB Jose Baez
|
0-0: Ball 1-0: Called Strike 1-1: Swinging Strike 1-2: Foul Ball, location: 2F 1-2: Strikes out swinging
|
Batting: SHB Brace Harper
|
0-0: Ball 1-0: Ball 2-0: Foul Ball, location: 2F 2-1: Foul Ball, location: 2F 2-2: SINGLE (Line Drive, 56, EV 110.6 MPH)
|
Batting: LHB Caleb Domino
|
0-0: Called Strike Brace Harper steals 2nd base 0-1: Foul Ball, location: 2F 0-2: Ground out U3 (Groundball, 13, EV 82.5 MPH) Brace Harper to third
|
Batting: LHB Gabriel Graves
|
0-0: Called Strike 0-1: Swinging Strike 0-2: Ground out 5-3 (Groundball, 56S, EV 85.6 MPH)
|
Top of the 3rd over - 0 runs, 1 hit, 0 errors, 1 left on base; Spokane 0 - Minnesota (NYP) 1 |
BOTTOM OF THE 3RD |
Minnesota (NYP) Twins batting - Pitching for Spokane Indians : RHP Thomas Crowner
|
Batting: RHB Tim Carter
|
0-0: Called Strike 0-1: Swinging Strike 0-2: Ball 1-2: Ball 2-2: Strikes out swinging
|
Batting: LHB Tomas Espino
|
0-0: Ball 1-0: Ball 2-0: Called Strike 2-1: Foul Ball, location: 2F 2-2: Strikes out swinging, 2-3 out at first.
|
Batting: LHB Ricardo Batista
|
0-0: Ball 1-0: Called Strike 1-1: Fly out, F8 (Line Drive, 8LM, EV 103.1 MPH)
|
Bottom of the 3rd over - 0 runs, 0 hits, 0 errors, 0 left on base; Spokane 0 - Minnesota (NYP) 1 |
TOP OF THE 4TH |
Spokane Indians batting - Pitching for Minnesota (NYP) Twins : RHP Ruben Requena
|
Batting: LHB Yat-sen Zhu
|
0-0: Ball 1-0: Ball 2-0: Called Strike 2-1: Swinging Strike 2-2: Strikes out swinging
|
Batting: RHB Sergio Godinez
|
0-0: Ball 1-0: Ball 2-0: Swinging Strike 2-1: Foul Ball, location: 2F 2-2: DOUBLE (Groundball, 3L, EV 102.5 MPH) - OUT at third base trying to stretch hit.
|
Batting: RHB Aaron Graham
|
0-0: Called Strike 0-1: Ball 1-1: Ball 2-1: Foul Ball, location: 2F 2-2: SINGLE (Groundball, 6MD, EV 110.0 MPH)
|
Batting: RHB Josh Whitmore
|
0-0: Foul Ball, location: 2F 0-1: Swinging Strike 0-2: Ball Pickoff Throw to First - Error! E1 Aaron Graham to second 1-2: Ball 2-2: Ball 3-2: Ground out 6-3 (Groundball, 6, EV 87.5 MPH)
|
Top of the 4th over - 0 runs, 2 hits, 1 error, 1 left on base; Spokane 0 - Minnesota (NYP) 1 |
BOTTOM OF THE 4TH |
Minnesota (NYP) Twins batting - Pitching for Spokane Indians : RHP Thomas Crowner
|
Batting: RHB Willie Jimenez
|
0-0: Ground out 6-3 (Groundball, 6, EV 100.6 MPH)
|
Batting: RHB Sergio Gomez
|
0-0: Ball 1-0: DOUBLE (Flyball, 8LXD, EV 107.5 MPH)
|
Batting: LHB Jose Hilario
|
0-0: Swinging Strike 0-1: Swinging Strike 0-2: Ball 1-2: Strikes out swinging
|
Batting: RHB Wil Patterson
|
0-0: Ground out 6-3 (Groundball, 6, EV 109.4 MPH)
|
Bottom of the 4th over - 0 runs, 1 hit, 0 errors, 1 left on base; Spokane 0 - Minnesota (NYP) 1 |
TOP OF THE 5TH |
Spokane Indians batting - Pitching for Minnesota (NYP) Twins : RHP Ruben Requena
|
Batting: SHB Kaname Fujimoto
|
0-0: Called Strike 0-1: Foul Ball, location: 2F 0-2: Ground out 5-3 (Groundball, 56, EV 106.2 MPH)
|
Batting: LHB Jose Baez
|
0-0: Swinging Strike 0-1: Swinging Strike 0-2: Strikes out swinging
|
Batting: SHB Brace Harper
|
0-0: Ground out 6-3 (Groundball, 6S, EV 61.9 MPH)
|
Top of the 5th over - 0 runs, 0 hits, 0 errors, 0 left on base; Spokane 0 - Minnesota (NYP) 1 |
BOTTOM OF THE 5TH |
Minnesota (NYP) Twins batting - Pitching for Spokane Indians : RHP Thomas Crowner
|
Batting: RHB Chris Bejarano
|
0-0: Ball 1-0: Foul Ball, location: 2F 1-1: Foul Ball, location: 2F 1-2: Ball 2-2: Strikes out looking
|
Batting: RHB Caleb Bockmann
|
0-0: Called Strike 0-1: Ground out U3 (Groundball, 34, EV 96.2 MPH)
|
Batting: RHB Tim Carter
|
0-0: Foul Ball, location: 2F 0-1: SINGLE (Groundball, 34D, EV 101.9 MPH)
|
Batting: LHB Tomas Espino
|
0-0: Ball Tim Carter steals 2nd base 1-0: Swinging Strike 1-1: Foul Ball, location: 2F 1-2: Ground out 1-3 (Groundball, 34S, EV 69.4 MPH)
|
Bottom of the 5th over - 0 runs, 1 hit, 0 errors, 1 left on base; Spokane 0 - Minnesota (NYP) 1 |
TOP OF THE 6TH |
Spokane Indians batting - Pitching for Minnesota (NYP) Twins : RHP Ruben Requena
|
Batting: LHB Caleb Domino
|
0-0: Swinging Strike 0-1: Foul Ball, location: 2F 0-2: DOUBLE (Line Drive, 9LM, EV 107.5 MPH)
|
Batting: LHB Gabriel Graves
|
0-0: Ball 1-0: Called Strike 1-1: Ground out 5-3 (Groundball, 56S, EV 70.0 MPH) Caleb Domino to third
|
Batting: LHB Yat-sen Zhu
|
0-0: Ball 1-0: Foul Ball, location: 2F 1-1: Ball 2-1: Foul Ball, location: 2F 2-2: Strikes out looking
|
Batting: RHB Sergio Godinez
|
0-0: Called Strike 0-1: Called Strike 0-2: Ball 1-2: Ball 2-2: Foul Ball, location: 2F 2-2: Ball 3-2: Strikes out swinging
|
Top of the 6th over - 0 runs, 1 hit, 0 errors, 1 left on base; Spokane 0 - Minnesota (NYP) 1 |
BOTTOM OF THE 6TH |
Minnesota (NYP) Twins batting - Pitching for Spokane Indians : RHP Thomas Crowner
|
Batting: LHB Ricardo Batista
|
0-0: Ground out 4-3 (Groundball, 34D, EV 103.8 MPH)
|
Batting: RHB Willie Jimenez
|
0-0: Fly out, F8 (Flyball, 8LXD, EV 96.9 MPH)
|
Batting: RHB Sergio Gomez
|
0-0: Called Strike 0-1: Swinging Strike 0-2: Strikes out looking
|
Bottom of the 6th over - 0 runs, 0 hits, 0 errors, 0 left on base; Spokane 0 - Minnesota (NYP) 1 |
TOP OF THE 7TH |
Spokane Indians batting - Pitching for Minnesota (NYP) Twins : RHP Ruben Requena
|
Batting: RHB Aaron Graham
|
0-0: Swinging Strike 0-1: Ball 1-1: Ball 2-1: Ball 3-1: SINGLE (Groundball, 6D, EV 98.1 MPH)
|
Batting: RHB Josh Whitmore
|
0-0: Bunt missed! 0-1: Ball 1-1: Bunt missed! 1-2: Fly out, F7 (Flyball, 7D, EV 104.4 MPH)
|
Batting: SHB Kaname Fujimoto
|
0-0: Ball 1-0: Ball 2-0: Ball 3-0: Base on Balls Aaron Graham to second
|
Pitching: RHP Willie Romero
|
|
Batting: LHB Jose Baez
|
0-0: Called Strike 0-1: Called Strike 0-2: Ball 1-2: Fly out, F8 (Flyball, 8LM, EV 75.6 MPH)
|
Batting: SHB Brace Harper
|
0-0: Called Strike 0-1: Called Strike 0-2: Strikes out swinging
|
Top of the 7th over - 0 runs, 1 hit, 0 errors, 2 left on base; Spokane 0 - Minnesota (NYP) 1 |
BOTTOM OF THE 7TH |
Minnesota (NYP) Twins batting - Pitching for Spokane Indians : RHP Thomas Crowner
|
Batting: LHB Jose Hilario
|
0-0: Ball 1-0: Foul Ball, location: 2F 1-1: Called Strike 1-2: Strikes out swinging
|
Batting: RHB Wil Patterson
|
0-0: TRIPLE (Groundball, 3L, EV 101.2 MPH)
|
Batting: RHB Chris Bejarano
|
0-0: Ball 1-0: Called Strike 1-1: Called Strike 1-2: Ball 2-2: Foul Ball, location: 2F 2-2: Strikes out swinging
|
Batting: RHB Caleb Bockmann
|
0-0: Ball 1-0: TRIPLE (Flyball, 78XD, EV 101.2 MPH) Wil Patterson scores
|
Batting: RHB Tim Carter
|
0-0: Foul Ball, location: 2F 0-1: Foul Ball, location: 2F 0-2: Ball 1-2: Ball 2-2: Strikes out swinging
|
Bottom of the 7th over - 1 run, 2 hits, 0 errors, 1 left on base; Spokane 0 - Minnesota (NYP) 2 |
TOP OF THE 8TH |
Spokane Indians batting - Pitching for Minnesota (NYP) Twins : RHP Willie Romero
|
Batting: LHB Caleb Domino
|
0-0: Fly out, F9 (Flyball, 9S, EV 90.6 MPH)
|
Batting: LHB Gabriel Graves
|
0-0: Called Strike 0-1: Foul Ball, location: 2F 0-2: Strikes out swinging
|
Batting: LHB Yat-sen Zhu
|
0-0: Ball 1-0: Swinging Strike 1-1: Ground out 6-3 (Groundball, 6M, EV 97.5 MPH)
|
Top of the 8th over - 0 runs, 0 hits, 0 errors, 0 left on base; Spokane 0 - Minnesota (NYP) 2 |
BOTTOM OF THE 8TH |
Minnesota (NYP) Twins batting - Pitching for Spokane Indians : RHP Thomas Crowner
|
Batting: LHB Tomas Espino
|
0-0: Called Strike 0-1: Ball 1-1: Foul Ball, location: 2F 1-2: Foul Ball, location: 2F 1-2: Foul Ball, location: 2F 1-2: Ball 2-2: Foul Ball, location: 2F 2-2: DOUBLE (Line Drive, 7LM, EV 113.8 MPH)
|
Batting: LHB Ricardo Batista
|
0-0: Called Strike 0-1: Called Strike 0-2: Ball 1-2: Ball Wild Pitch! Tomas Espino to third 2-2: Strikes out swinging
|
Batting: RHB Willie Jimenez
|
0-0: Ball Wild Pitch! Tomas Espino scores 1-0: Ball 2-0: Foul Ball, location: 2F 2-1: Swinging Strike 2-2: Ball 3-2: Foul Ball, location: 2F 3-2: Foul Ball, location: 2F 3-2: Base on Balls
|
Pitching: RHP Elvis Diaz
|
|
Batting: RHB Sergio Gomez
|
0-0: Called Strike Willie Jimenez steals 2nd base 0-1: Ball 1-1: Called Strike 1-2: Ball 2-2: Foul Ball, location: 2F 2-2: Ground out 1-3 (Groundball, 34S, EV 75.6 MPH) Willie Jimenez to third
|
Batting: LHB Jose Hilario
|
0-0: Ball 1-0: Ball 2-0: Ball 3-0: Called Strike 3-1: Called Strike 3-2: Ground out 4-3 (Groundball, 4, EV 80.6 MPH)
|
Bottom of the 8th over - 1 run, 1 hit, 0 errors, 1 left on base; Spokane 0 - Minnesota (NYP) 3 |
TOP OF THE 9TH |
Spokane Indians batting - Pitching for Minnesota (NYP) Twins : RHP Willie Romero
|
Pitching: RHP Dean Huch
|
|
Batting: RHB Sergio Godinez
|
0-0: Called Strike 0-1: Ball 1-1: Ball 2-1: Foul Ball, location: 2F 2-2: Foul Ball, location: 2F 2-2: Foul Ball, location: 2F 2-2: SINGLE (Line Drive, 34D, EV 107.5 MPH)
|
Pinch Hitting: LHB Nick Foutz
|
0-0: Called Strike 0-1: Grounds into double play, 5-4-3 (Groundball, 5, EV 109.4 MPH)
|
Pinch Hitting: LHB Sean Gingrich
|
0-0: Called Strike 0-1: Called Strike 0-2: Ball 1-2: Strikes out swinging
|
Top of the 9th over - 0 runs, 1 hit, 0 errors, 0 left on base; Spokane 0 - Minnesota (NYP) 3 |
|